 Dungeon Crawl Stone Soup version 0.29-a0-284-gf9362112df (webtiles) character file.

Game seed: 10106312928166383197

67 siradein the Caller (level 4, -1/35 HPs)
             Began as a Draconian Summoner on Mar 31, 2022.
             Slain by Natasha (6 damage)
             ... on level 2 of the Dungeon.
             The game lasted 00:03:03 (1369 turns).

siradein the Caller (Draconian Summoner)            Turns: 1369, Time: 00:03:04

Health: -1/35      AC:  5    Str: 10    XL:     4   Next: 0%
Magic:  3/7        EV: 12    Int: 17    God:
Gold:   49         SH:  0    Dex: 12    Spells: 2/8 levels left

rFire   . . .      SeeInvis .   b - +0 quarterstaff
rCold   . . .      Faith    .   (shield currently unavailable)
rNeg    . . .      Spirit   .   (body armour unavailable)
rPois   .          Reflect  .   (helmet restricted)
rElec   .          Harm     .   (no cloak)
rCorr   .          Rampage  .   (no gloves)
Will    .....                   (no boots)
Stlth   ++........              (no amulet)
HPRegen 0.11/turn               (no ring)
MPRegen 0.10/turn               (no ring)

@: no status effects
A: AC +5, unfitting armour, cold-blooded
a: no special abilities


You were on level 2 of the Dungeon.
You visited 1 branch of the dungeon, and saw 2 of its levels.

You collected 49 gold pieces.

Inventory:

Hand Weapons
 b - a +0 quarterstaff (weapon)
Scrolls
 d - a scroll of enchant weapon {unknown}
 e - 3 scrolls of amnesia {unknown}
 g - 3 scrolls of torment {unknown}
Potions
 a - a potion of magic
 c - a potion of attraction {unknown}
 f - a potion of curing {unknown}


   Skills:
 + Level 1.5 Fighting
 + Level 2.3 Dodging
 - Level 1.7 Stealth
 + Level 2.5 Spellcasting
 * Level 4.7 Summonings


You had 2 spell levels left.
You knew the following spells:

 Your Spells              Type           Power      Damage    Failure   Level
a - Summon Small Mammal   Summ           72%        N/A       2%          1
b - Call Imp              Summ           18%        N/A       4%          2
c - Call Canine Familiar  Summ           18%        N/A       8%          3

Your spell library contained the following spells:

 Spells                   Type           Power      Damage    Failure   Level
 Summon Guardian Golem    Hex/Summ       10%        N/A       22%         3
 Portal Projectile        Hex/Tloc       4%         N/A       50%         3
 Summon Lightning Spire   Summ/Air       10%        N/A       56%         4
 Blade Hands              Tmut           1%         N/A       99%         5
 Excruciating Wounds      Necr           1%         N/A       99%         5


Dungeon Overview and Level Annotations

Branches:
Dungeon (2/15)

Altars:

Annotations:
D:2 Natasha


Innate Abilities, Weirdness & Mutations

Your plain brown scales are hard. (AC +5)
You cannot fit into any form of body armour.
You are cold-blooded and may be slowed by cold attacks.


Message History

The adder is lightly wounded.
The adder barely misses you.
Your white imp gestures at the adder.
The puff of frost hits the adder!
The adder bites your white imp.
You sock the adder!
You kill the adder!
You have reached level 4!
You feel agile.
Natasha, Servant of Life and Death comes into view.
What are your orders? t - Shout!
Orders for allies: a - Attack new target. r - Retreat! s - Stop attacking. g - Guard the area. f - Follow me.
Anything else - Cancel.
Gang up on whom?
Press: ? - help, Dir - move target, f - Natasha
Aim: Natasha Attack!
Unknown command.
Your white imp gestures at Natasha.
The puff of frost misses Natasha.
Your white imp completely misses Natasha.
Natasha claws your white imp!
Your white imp dies!
Your white imp disappears in a puff of smoke!
Natasha claws you.
* * * LOW HITPOINT WARNING * * *
You miss Natasha. Natasha claws you but does no damage.
Casting: Call Imp (safe; 4% risk of failure)
Confirm with . or Enter, or press ? or * to list all spells.
Natasha mumbles some strange words.
You feel disoriented. Natasha claws you.
* * * LOW HITPOINT WARNING * * *
Casting: Summon Small Mammal (safe; 2% risk of failure)
Confirm with . or Enter, or press ? or * to list all spells.
A beastly little devil appears in a puff of flame.
Natasha claws you.
You die...

#......#######
#......#......
###......#.$..
.............
...........######
......!...#.....
+#####............
..................
.......).@h.......
.........r5.......
.###+##....#......
.. #....#......
.... #..###......
.....#...<.......
#.....†.....###
#....†.........
#.....#........


You could see Natasha (ally target), a friendly crimson imp (summoned) and a
friendly rat (summoned).

Vanquished Creatures
  2 adders (D:2)
  A ball python (D:1)
  2 endoplasms (D:1)
  A giant cockroach (D:2)
  4 goblins (D:1)
  A hobgoblin (D:1)
  2 kobolds
  3 bats (D:1)
  4 frilled lizards (D:1)
  2 rats (D:1)
22 creatures vanquished.

Vanquished Creatures (collateral kills)
  Natasha (D:2)
  A goblin (D:1)
  A hobgoblin (D:2)
  A kobold (D:1)
4 creatures vanquished.

Grand Total: 26 creatures vanquished

Notes
Turn   | Place    | Note
-------+----------+-------------------------------------------
     0 | D:1      | siradein the Draconian Summoner began the quest for the
                  | Orb.
     0 | D:1      | Reached XP level 1. HP: 14/14 MP: 3/3
   270 | D:1      | Found a faded altar of an unknown god.
   339 | D:1      | Reached XP level 2. HP: 18/22 MP: 3/5
   342 | D:1      | Learned a level 2 spell: Call Imp
  1299 | D:2      | Reached skill level 1 in Fighting
  1323 | D:2      | Reached XP level 3. HP: 27/28 MP: 4/6
  1327 | D:2      | Learned a level 3 spell: Call Canine Familiar
  1346 | D:2      | Noticed Natasha
  1350 | D:2      | Killed Natasha
  1353 | D:2      | Reached XP level 4. HP: 8/35 MP: 5/7
  1360 | D:2      | Noticed Natasha
  1369 | D:2      | Slain by Natasha

Illustrated notes

Levels and vault maps discovered:
D:1:      dpeg_arrival_rooms_a, layout_loops_ring, ebering_ecumenical_altar_webs
D:2:      layout_basic, uniq_jessica, uniq_sigmund, uniq_natasha

Skill      XL: |  1  2 |
---------------+-------+-----
Dodging        | 2 |  2.3
Fighting       | 1 |  1.5
Stealth        | |  1.7
Spellcasting   | |  2.5
Summonings     | |  4.7

Action                   |  1- 3 |  4- 6 || total
-------------------------+-------+-------++-------
Melee: Quarterstaff      |    72 |     1 ||    73
       Tailslap          |     7 |       ||     7
 Cast: Summon Small Mamm |     5 |     1 ||     6
       Call Imp          |     9 |     1 ||    10
 Stab: Sleeping          |     2 |       ||     2
Armor: Skin              |    25 |     1 ||    26
Dodge: Dodged            |    43 |       ||    43

Table legend: (Time is in decaauts)
 A = Elapsed time spent in this place.
 B = Non-inter-level travel time spent in this place.
 C = Inter-level travel time spent in this place.
 D = Time resting spent in this place.
 E = Time spent auto-exploring this place.
 F = Levels seen in this place.
 G = Mean time per level.
                   A        B        C        D        E       F      G
               +--------+--------+--------+--------+--------+-----+--------+
         Total |   1391 |   1361 |     30 |      0 |   1143 |   2 |  695.5 |
       Dungeon |   1391 |   1361 |     30 |      0 |   1143 |   2 |  695.5 |
               +--------+--------+--------+--------+--------+-----+--------+

Top non-repeatable levels by time:
     D:1: 1303 daAuts
     D:2: 88 daAuts
